 Dungeon Crawl Stone Soup version 0.31-a0-187-gba352fbbf7 (webtiles) character file.

Game seed: 7697336519745956369

13955 Moral the Covert (level 12, -13/97 HPs)
             Began as a Vine Stalker Berserker on June 22, 2023.
             Was a High Priest of Trog.
             Mangled by Rupert
             ... wielding a +5 heavy great mace
              (48 damage)
             ... on level 12 of the Dungeon.
             The game lasted 00:24:24 (9406 turns).

Moral the Covert (Vine Stalker Berserker)           Turns: 9406, Time: 00:24:24

Health: -13/97     AC: 16    Str: 25    XL:     12   Next: 11%
Magic:  0/22       EV: 27    Int:  7    God:    Trog [*****.]
Gold:   911        SH:  0    Dex: 16    Spells: 11/11 levels left

rFire   . . .        p - +9 spear of Plog {flame, rElec}
rCold   . . .        (no shield)
rNeg    . . .        i - +1 leather armour "Favuozat" {Harm rElec MP+9 Dex+2}
rPois   .            v - +2 helmet
rElec   +            E - +2 cloak {rCorr}
rCorr   +            F - +2 pair of gloves
SInv    .            q - +2 pair of boots
Will    +....        d - amulet of faith Stlth
                     n - +5 ring of evasion
HPRegen 1.16/turn    r - +5 ring of evasion
MPRegen 0.18/turn

%: harm (+30% outgoing, +20% incoming), guardian spirit, faith
@: berserking, very quick
A: fangs 3, regeneration 1, magic shield, antimagic bite, no potion heal 2
a: Renounce Religion, Berserk, Trog's Hand, Brothers in Arms


You were on level 12 of the Dungeon.
You worshipped Trog.
Trog was extremely pleased with you.
You visited 1 branch of the dungeon, and saw 12 of its levels.
You also visited: Ossuary.

You collected 911 gold pieces.

Inventory:

Hand Weapons
 p - the +9 spear of Plog (weapon) {flame, rElec}
   (You found it on level 3 of the Dungeon)

   rElec:     It insulates you from electricity.
Missiles
 t - a throwing net
Armour
 i - the +1 leather armour "Favuozat" (worn) {Harm rElec MP+9 Dex+2}
   (You found it on level 2 of the Dungeon)

   Dex:       It affects your dexterity (+2).
   rElec:     It insulates you from electricity.
   MP:        It affects your magic capacity (+9).
   Harm:      It increases damage dealt and taken.
 q - a +2 pair of boots (worn)
 v - a +2 helmet (worn)
 E - a +2 cloak of preservation (worn)
 F - a +2 pair of gloves (worn)
Jewellery
 d - an amulet of faith (around neck)
 m - a ring of see invisible
 n - a +5 ring of evasion (left hand)
 r - a +5 ring of evasion (right hand)
 G - a ring of flight
Wands
 k - a wand of polymorph (7)
 w - a wand of digging (7)
 y - a wand of iceblast (5)
Scrolls
 a - 2 scrolls of immolation
 c - 2 scrolls of revelation
 f - 4 scrolls of teleportation
 g - 2 scrolls of blinking
 h - 2 scrolls of fog
 j - 3 scrolls of enchant weapon
 l - a scroll of vulnerability
 o - 4 scrolls of enchant armour
 x - 2 scrolls of fear
Potions
 b - 4 potions of brilliance
 e - 4 potions of heal wounds
 s - a potion of attraction
 u - 3 potions of mutation {unknown}
 z - 3 potions of cancellation {unknown}
 A - 2 potions of berserk rage {unknown}
 B - a potion of might {unknown}
 C - 2 potions of curing
 D - 5 potions of enlightenment {unknown}
 H - a potion of haste {unknown}
 I - a potion of ambrosia {unknown}


   Skills:
 + Level 8.5 Fighting
 + Level 7.4 Polearms
 - Level 1.5 Armour
 * Level 10.4 Dodging
 + Level 11.2 Stealth
 - Level 4.1 Unarmed Combat


You had 11 spell levels left.
You didn't know any spells.
Your spell library was empty.

Dungeon Overview and Level Annotations

Branches:
Dungeon (12/15)            Temple (0/1) D:6            Lair (0/5) D:9
    Orc (0/2) D:10        Ossuary (visited)

Altars:
Dithmenos
Elyvilon
Nemelex Xobeh
Ru
Wu Jian
Zin

Annotations:
D:12 Rupert


Innate Abilities, Weirdness & Mutations

You have razor-sharp teeth.
Your natural rate of healing is unusually fast.
When hurt, damage is shared between your health and your magic reserves.
Your bite disrupts and absorbs the magic of your enemies.
Potions cannot restore your health.


Message History

Press: ? - help, v - describe, . - travel
Here: Rupert, wielding a +5 heavy great mace and wearing a +0 ring mail (asleep)
The floor.
Okay, then.
Reach: p) +9 spear of Plog {flame, rElec}
Press: ? - help, Dir - move target, f - Rupert
Aim: Rupert, wielding a +5 heavy great mace and wearing a +0 ring mail (asleep, about 2% to evade the +9 spear of Plog)
You reach to attack!
The helpless Rupert fails to defend himself.
You puncture Rupert! You burn Rupert!
Rupert is moderately wounded.
Reach: p) +9 spear of Plog {flame, rElec}
Press: ? - help, Dir - move target, f/p - Rupert
Aim: Rupert, wielding a +5 heavy great mace and wearing a +0 ring mail (moderately wounded, about 23% to evade the +9 spear of Plog)
You reach to attack!
You hit Rupert. You burn Rupert.
Rupert is moderately wounded.
You hit Rupert. You burn Rupert. You punch Rupert.
Rupert is moderately wounded.
Rupert hits you with a +5 heavy great mace.
You closely miss Rupert.
Rupert is moderately wounded.
You puncture Rupert! You burn Rupert. Your bite misses Rupert.
Rupert is heavily wounded.
Rupert barely misses you.
You impale Rupert!! You burn Rupert.
Rupert is severely wounded.
You puncture Rupert! You burn Rupert.
Rupert is almost dead.
Rupert roars madly and goes into a rage!
Rupert goes berserk!
Press: ? - help, v - describe, . - travel The floor, spattered with blood.
You hit Rupert but do no damage. Your bite misses Rupert.
Rupert is almost dead.
Rupert hits you with a +5 heavy great mace!!!
Ouch! That really hurt!
A red film seems to cover your vision as you go berserk!
You feel yourself moving faster!
You feel mighty!
Rupert hits you with a +5 heavy great mace!!!
You die...

###.# ....######## #.#
............##.# ##
.....≈~≈~....... ..
.....~≈~....##.##.####
.....~~.....+... ....
............##.# ..#
............##.##@.#
................@..#
.............#.###.#
.##########..#..# # .#
#.###.# .# #...#.#
.############.#.#
..............#..
.################ ##


You could see Rupert (berserk).

Vanquished Creatures
  A two-headed ogre (D:10)
  2 boulder beetles
  A deep elf pyromancer (D:12)
  A cyclops (D:7)
  A manticore (D:11)
  2 unseen horrors
  Maggie (D:6)
  3 trolls
  4 slime creatures (D:12)
  A water elemental (D:12)
  A wraith (D:12)
  A vampire (D:9)
  Sigmund (D:5)
  2 shadows
  2 wyverns
  13 yaks
  8 vampire mosquitoes
  A steam dragon (D:7)
  3 wargs (D:9)
  Edmund (D:5)
  Menkaure (D:6)
  2 acid dragons
  A sky beast (D:6)
  2 orc warriors
  A black bear (D:4)
  An ice beast (D:7)
  2 ogres
  3 centaurs
  Blork the orc (D:5)
  2 kobold brigands
  3 bullfrogs
  5 scorpions
  9 wights (D:8)
  20 killer bees
  2 electric eels (D:12)
  2 howler monkeys
  A jelly (D:5)
  Crazy Yiuf (D:6)
  A hound (D:7)
  4 orc priests
  A gnoll bouda (D:8)
  6 iguanas
  A sleepcap (D:7)
  4 orc wizards
  3 mummies (Ossuary)
  12 gnolls
  8 adders
  2 white imps (D:8)
  An ufetubus (D:6)
  3 adder zombies (Ossuary)
  A worm (D:3)
  3 dart slugs
  21 orcs
  7 endoplasms
  3 giant cockroaches
  6 goblins
  5 hobgoblins
  14 kobolds
  4 quokkas
  7 ball pythons
  6 bats
  5 frilled lizards
  A goblin zombie (Ossuary)
  4 hobgoblin zombies (Ossuary)
  4 kobold zombies (Ossuary)
  4 quokka zombies (Ossuary)
  8 rats
  2 rat zombies (Ossuary)
260 creatures vanquished.

Notes
Turn   | Place    | Note
-------+----------+-------------------------------------------
     0 | D:1      | Moral the Vine Stalker Berserker began the quest for the
                  | Orb.
     0 | D:1      | Reached XP level 1. HP: 11/11 MP: 2/2
   228 | D:1      | Reached XP level 2. HP: 16/16 MP: 3/3
   242 | D:1      | Reached skill level 1 in Stealth
   282 | D:1      | Found a faded altar of an unknown god.
   846 | D:2      | Reached XP level 3. HP: 19/20 MP: 4/4
   936 | D:2      | Reached ** piety under Trog
  1177 | D:2      | Identified the +1 leather armour "Favuozat" {Harm rElec
                  | MP+9 Dex+2}
  1439 | D:2      | Found a glowing silver altar of Zin.
  1452 | D:2      | Reached skill level 2 in Stealth
  1452 | D:2      | Gained mutation: Your natural rate of healing is unusually
                  | fast. [Vine Stalker growth]
  1452 | D:2      | Reached XP level 4. HP: 21/24 MP: 5/5
  1863 | D:3      | Reached *** piety under Trog
  2054 | D:3      | Identified the +9 spear of Plog {flame, rElec}
  2327 | D:4      | Noticed a scorpion
  2327 | D:4      | Noticed a black bear
  2343 | D:4      | Killed a scorpion
  2344 | D:4      | Reached XP level 5. HP: 11/28 MP: 6/6
  2345 | D:4      | Killed a black bear
  2346 | D:4      | Reached skill level 3 in Stealth
  2346 | D:4      | Reached XP level 6. HP: 9/33 MP: 7/7
  2764 | D:5      | Entered Level 5 of the Dungeon
  3074 | D:5      | Reached skill level 4 in Stealth
  3074 | D:5      | Reached XP level 7. HP: 37/37 MP: 8/8
  3131 | D:5      | Noticed Edmund
  3137 | D:5      | Killed Edmund
  3137 | D:5      | Noticed Blork the orc
  3138 | D:5      | Reached skill level 1 in Polearms
  3142 | D:5      | Killed Blork the orc
  3428 | D:5      | Noticed Sigmund
  3432 | D:5      | Reached **** piety under Trog
  3437 | D:5      | Killed Sigmund
  3438 | D:5      | Reached skill level 5 in Stealth
  3438 | D:5      | Gained mutation: You have razor-sharp teeth. [Vine Stalker
                  | growth]
  3438 | D:5      | Reached XP level 8. HP: 36/42 MP: 9/9
  3512 | D:5      | Found a sand-covered staircase.
  3518 | Ossuary  | Entered an ossuary
  3919 | D:6      | Noticed Menkaure
  3920 | D:6      | Killed Menkaure
  3921 | D:6      | Reached skill level 5 in Dodging
  4016 | D:6      | Noticed Maggie
  4031 | D:6      | Killed Maggie
  4032 | D:6      | Reached skill level 5 in Fighting
  4032 | D:6      | Reached skill level 6 in Stealth
  4310 | D:6      | Identified the +7 plate armour of Noon {Fly rC- rN+ SInv}
  4406 | D:6      | Found a staircase to the Ecumenical Temple.
  4712 | D:6      | Reached XP level 9. HP: 47/47 MP: 10/10
  4865 | D:6      | Found a runed translucent door.
  4866 | D:6      | Noticed Crazy Yiuf
  4994 | D:6      | Killed Crazy Yiuf
  5033 | D:6      | Identified the +6 hammer "Juharaip" {venom, Fragile rElec
                  | rC++ Stlth+}
  5116 | D:7      | Found an ornate altar of the Wu Jian Council.
  5169 | D:7      | Reached skill level 7 in Stealth
  5351 | D:7      | Reached ***** piety under Trog
  5562 | D:7      | Noticed a cyclops
  5569 | D:7      | Killed a cyclops
  5838 | D:8      | Reached skill level 8 in Stealth
  5846 | D:8      | Reached XP level 10. HP: 53/53 MP: 11/11
  6172 | D:8      | Reached skill level 5 in Polearms
  6662 | D:9      | Found a sparkling altar of Nemelex Xobeh.
  6662 | D:9      | Found a sacrificial altar of Ru.
  6664 | D:9      | Found a shadowy altar of Dithmenos.
  6686 | D:9      | Found a white marble altar of Elyvilon.
  6769 | D:9      | Reached skill level 9 in Stealth
  6779 | D:9      | Received a gift from Trog
  6888 | D:9      | Found a staircase to the Lair.
  7324 | D:10     | Entered Level 10 of the Dungeon
  7379 | D:10     | Reached XP level 11. HP: 58/58 MP: 12/12
  7708 | D:10     | Reached skill level 10 in Stealth
  7818 | D:10     | Found a staircase to the Orcish Mines.
  7846 | D:10     | Noticed a two-headed ogre
  7857 | D:10     | Killed a two-headed ogre
  8127 | D:11     | Noticed a manticore
  8136 | D:11     | Killed a manticore
  8499 | D:11     | Noticed a boulder beetle
  8518 | D:11     | Killed a boulder beetle
  8970 | D:12     | Noticed a deep elf pyromancer
  8976 | D:12     | Killed a deep elf pyromancer
  9134 | D:12     | Noticed a boulder beetle
  9140 | D:12     | Reached skill level 10 in Dodging
  9156 | D:12     | Killed a boulder beetle
  9166 | D:12     | Reached skill level 11 in Stealth
  9205 | D:12     | Reached XP level 12. HP: 65/65 MP: 13/13
  9397 | D:12     | Noticed Rupert
  9406 | D:12     | Mangled by Rupert

Illustrated notes

Levels and vault maps discovered:
D:1:      matt_arrival_spirals, layout_basic,
          hellmonk_ecumenical_altar_slurped_away, serial_bayou_crossing
D:2:      layout_loops_ring, basic_altar
D:3:      layout_loops_ring, minmay_misc_feat_more_columns
D:4:      layout_rooms
D:5:      layout_loops_corners, nicolae_ossuary_entry_plus, minivault_14,
          uniq_blork_the_orc, uniq_edmund, uniq_sigmund
D:6:      layout_loops_corners, minmay_temple_entry_glassed_door,
          hangedman_abyss_or_decor_passed, minmay_gold_behind_fungi,
          minmay_misc_feat_cross, uniq_crazy_yiuf_cottage, uniq_maggie,
          uniq_menkaure
D:7:      layout_loops_ring, mainiacjoe_overflow_small_starburst
D:8:      layout_basic
D:9:      layout_big_octagon, mainiacjoe_overflow_concentric_impassable,
          chequers_temple_overflow_statue_of_worship, erik_lair_orcish_takeover
D:10:     layout_basic, orc_0_dummy, serial_curves, eino_curves_02,
          eino_curves_03
D:11:     layout_gridville, minivault_23
D:12:     layout_basic, uniq_urug, uniq_rupert

Skill      XL: |  1  2  3  4  5  6  7  8  9 10 11 |
---------------+----------------------------------+-----
Stealth        | 1 2 3 4 5 6 8 9 11 | 11.2
Fighting       | 3 4 5 6 7 8 |  8.5
Dodging        | 2 3 4 5 7 8 10 | 10.4
Unarmed Combat | 4 |  4.1
Polearms       | 2 3 4 6 7 |  7.4
Armour         | |  1.5

Action                     |  1- 3 |  4- 6 |  7- 9 | 10-12 || total
---------------------------+-------+-------+-------+-------++-------
  Melee: Unarmed           |    95 |    45 |       |       ||   140
         Bite              |    20 |    18 |    27 |    92 ||   157
         Punch             |     2 |     2 |     2 |    10 ||    16
         Spear             |       |    58 |   157 |   318 ||   533
 Invoke: Berserk           |       |       |       |     3 ||     3
    Use: Scroll            |       |     5 |     3 |    14 ||    22
         Potion            |       |     1 |       |       ||     1
   Stab: Sleeping          |     2 |     5 |    22 |    11 ||    40
         Distracted        |       |     1 |     1 |     1 ||     3
 Armour: Animal skin       |     7 |       |       |       ||     7
         Leather armour    |     4 |    19 |     5 |    53 ||    81
  Dodge: Dodged            |    67 |    53 |    71 |   319 ||   510

Table legend: (Time is in decaauts)
 A = Elapsed time spent in this place.
 B = Non-inter-level travel time spent in this place.
 C = Inter-level travel time spent in this place.
 D = Time resting spent in this place.
 E = Time spent auto-exploring this place.
 F = Levels seen in this place.
 G = Mean time per level.
                   A        B        C        D        E       F      G
               +--------+--------+--------+--------+--------+-----+--------+
         Total |   9350 |   9080 |    270 |    315 |   7012 |  13 |  719.2 |
       Dungeon |   9212 |   8942 |    270 |    315 |   6950 |  12 |  767.7 |
       Ossuary |    138 |    138 |      0 |      0 |     62 |   1 |  138.0 |
               +--------+--------+--------+--------+--------+-----+--------+

Top non-repeatable levels by time:
     D:6: 1129 daAuts
     D:5: 1017 daAuts
     D:2: 893 daAuts
     D:9: 817 daAuts
     D:1: 804 daAuts
    D:10: 787 daAuts
    D:11: 742 daAuts
     D:7: 735 daAuts
     D:8: 698 daAuts
     D:3: 631 daAuts
    D:12: 520 daAuts
     D:4: 433 daAuts
 Ossuary: 138 daAuts
